 Dungeon Crawl Stone Soup version 0.29.1-12-g30fa7ad0bf (webtiles) character file.

Game seed: 7225046508895422403

48 DildoBatman the Conjurer (level 4, -12/32 HPs)
             Began as a Formicid Conjurer on Dec 26, 2022.
             Mangled by an orc warrior
             ... wielding a +0 battleaxe
              (15 damage)
             ... on level 10 of the Dungeon.
             The game lasted 00:03:04 (1357 turns).

DildoBatman the Conjurer (Formicid Conjurer)        Turns: 1357, Time: 00:03:04

Health: -12/32     AC:  2    Str: 12    XL:     4   Next: 0%
Magic:  7/8        EV: 16    Int: 19    God:
Gold:   98         SH:  0    Dex: 12    Spells: 5/8 levels left

rFire   + . .      SeeInvis +   a - +0 sling
rCold   . . .      Faith    .   (no shield)
rNeg    . . .      Spirit   .   e - +0 robe
rPois   .          Reflect  .   (helmet unavailable)
rElec   .          Harm     .   (no cloak)
rCorr   .          Rampage  .   (no gloves)
Will    .....                   (no boots)
Stlth   ++........              (no amulet)
HPRegen 0.10/turn               k - +4 ring of evasion
MPRegen 0.11/turn               n - ring of protection from fire

@: no status effects
A: permanent stasis, dig shafts and tunnels, antennae 3, four strong arms
a: Dig, Shaft Self


You were on level 10 of the Dungeon.
You visited 1 branch of the dungeon, and saw 6 of its levels.

You collected 98 gold pieces.

Inventory:

Hand Weapons
 a - a +0 sling (weapon)
 b - a +0 mace
Missiles
 g - 27 stones
 l - 9 poisoned darts
Armour
 e - a +0 robe (worn)
Jewellery
 k - a +4 ring of evasion (left hand)
 n - a ring of protection from fire (right hand)
Scrolls
 c - a scroll of noise {unknown}
 i - 6 scrolls of identify {unknown}
 o - a scroll of enchant weapon {unknown}
 p - a scroll of teleportation {unknown}
Potions
 d - a potion of magic
 f - a potion of haste {unknown}
 h - 2 potions of invisibility
 j - a potion of ambrosia {unknown}
 m - 3 potions of curing {unknown}


   Skills:
 * Level 1.4 Fighting
 * Level 1.4 Armour
 - Level 2.0 Dodging
 - Level 2.4 Stealth
 * Level 2.7 Spellcasting
 * Level 3.9 Conjurations


You had 5 spell levels left.
You knew the following spells:

 Your Spells              Type           Power      Damage    Failure   Level
a - Searing Ray           Conj           34%        2d5       4%          2
c - Magic Dart            Conj           68%        1d6       3%          1

Your spell library contained the following spells:

 Spells                   Type           Power      Damage    Failure   Level
 Dazzling Flash           Conj/Hex       20%        N/A       22%         3
 Fulminant Prism          Conj/Hex       5%         3d7       56%         4
 Iskenderun's Mystic Bla  Conj/Tloc      10%        2d4       56%         4


Dungeon Overview and Level Annotations

Branches:
Dungeon (2/15)

Altars:

Annotations:
D:2 Sigmund


Innate Abilities, Weirdness & Mutations

You cannot be hasted, slowed, berserked, paralysed or teleported.
You can dig through walls and to a lower floor.
You have a pair of large antennae on your head. (SInv)
Your four strong arms can wield two-handed weapons with a shield.


Message History

Anything else - Cancel.
You shout for attention!
The orc hits you with a +0 hand axe. What are your orders? t - Shout!
Orders for allies: a - Attack new target. r - Retreat! s - Stop attacking. g - Guard the area. f - Follow me.
Anything else - Cancel.
You shout for attention!
The orc hits you with a +0 hand axe. What are your orders? t - Shout!
Orders for allies: a - Attack new target. r - Retreat! s - Stop attacking. g - Guard the area. f - Follow me.
Anything else - Cancel.
You shout for attention!
The orc hits you with a +0 hand axe. The orc warrior misses you.
What are your orders? t - Shout!
Orders for allies: a - Attack new target. r - Retreat! s - Stop attacking. g - Guard the area. f - Follow me.
Anything else - Cancel.
You shout for attention!
The orc completely misses you.
The orc warrior hits you with a +0 battleaxe!
What are your orders? t - Shout!
Orders for allies: a - Attack new target. r - Retreat! s - Stop attacking. g - Guard the area. f - Follow me.
Anything else - Cancel.
You shout for attention!
The orc closely misses you.
An orc comes into view. It is wielding a +0 club.
The orc warrior hits you with a +0 battleaxe!
You die...

##..~~.~. ...
#........ ...
#.....#.# ..#
#.....#.# ≈~~#
#.....#.####...##
#.....#..........
#.....#......#
#....@o......#
####..o~.#####{
.....~..o...o
......~........
.........~.......
.................
.................
...........!.....


You could see an orc warrior and 3 orcs.

Vanquished Creatures
  An adder (D:2)
  A worm (D:2)
  A dart slug (D:2)
  A ball python (D:2)
  2 endoplasms
  3 giant cockroaches
  3 goblins
  3 hobgoblins
  4 jackals (D:1)
  A quokka (D:1)
  3 bats
  A frilled lizard (D:1)
  3 kobolds (D:2)
  5 rats
32 creatures vanquished.

Notes
Turn   | Place    | Note
-------+----------+-------------------------------------------
     0 | D:1      | DildoBatman the Formicid Conjurer began the quest for the
                  | Orb.
     0 | D:1      | Reached XP level 1. HP: 13/13 MP: 3/3
   266 | D:1      | Reached XP level 2. HP: 20/20 MP: 5/5
   269 | D:1      | Learned a level 2 spell: Searing Ray
   595 | D:1      | Reached skill level 1 in Fighting
   751 | D:2      | Reached XP level 3. HP: 26/26 MP: 6/6
   787 | D:2      | Reached skill level 1 in Armour
  1037 | D:2      | Noticed Sigmund
  1318 | D:2      | Reached XP level 4. HP: 32/32 MP: 3/8
  1320 | D:2      | You fall into a shaft and drop 2 floors!
  1323 | D:4      | You fall into a shaft and drop 2 floors!
  1326 | D:6      | You fall into a shaft and drop 1 floor!
  1329 | D:7      | You fall into a shaft and drop 3 floors!
  1329 | D:10     | Entered Level 10 of the Dungeon
  1348 | D:10     | Noticed an orc warrior
  1357 | D:10     | Mangled by an orc warrior

Illustrated notes

Levels and vault maps discovered:
D:1:      ncdulo_smallfort, layout_basic
D:2:      layout_rooms, minmay_crystal_room, dreamdust_princess_corridor,
          uniq_sigmund
D:4:      layout_basic, minmay_misc_feat_rugged, uniq_crazy_yiuf_cottage
D:6:      layout_basic, nicolae_wu_jian_wuxing_cycle, nicolae_eternal_life,
          minmay_manual_mess, uniq_pikel, uniq_duvessa, uniq_edmund
D:7:      layout_loops_ring, nicolae_qazlal_scattered_showers,
          grunt_gozag_statues, lemuel_temple_firewalk_b
D:10:     minmay_inner_zag, layout_stronghold,
          mainiacjoe_overflow_six_doors_small, serial_rivers,
          chequers_serial_rivers_small_b, chequers_serial_rivers_room_a,
          chequers_serial_rivers_micro_c, chequers_serial_rivers_micro_b,
          chequers_serial_rivers_small_3, chequers_serial_rivers_micro_c,
          uniq_maurice

Skill      XL: |  1  2  3 |
---------------+----------+-----
Dodging        | 2 |  2.0
Fighting       | 1 |  1.4
Armour         | 1 |  1.4
Stealth        | |  2.4
Spellcasting   | |  2.7
Conjurations   | |  3.9

Action                   |  1- 3 |  4- 6 || total
-------------------------+-------+-------++-------
Melee: Mace              |     1 |       ||     1
       Unarmed           |     1 |       ||     1
 Fire: Sling             |    43 |       ||    43
 Cast: Magic Dart        |    17 |       ||    17
       Searing Ray       |     8 |       ||     8
 Abil: Shaft Self        |       |     4 ||     4
Armor: Robe              |     2 |       ||     2
Dodge: Dodged            |    19 |     3 ||    22
